 Dungeon Crawl Stone Soup version 0.25-a0-366-g516bc45ae0 (webtiles) character file.

Game seed: 13841586731703467609, levelgen mode: deterministic

2 Caramio the Skirmisher (level 1, 18/18 HPs)
             Began as a Formicid Berserker on Jan 6, 2020.
             Was a Follower of Trog.
             Quit the game on level 1 of the Dungeon.
             The game lasted 00:00:11 (191 turns).

Caramio the Skirmisher (Formicid Berserker)          Turns: 191, Time: 00:00:11

Health: 18/18      AC:  2    Str: 21    XL:     1   Next: 44%
Magic:  1/1        EV: 11    Int:  6    God:    Trog [*.....]
Gold:   22         SH:  3    Dex: 10    Spells: 0/0 levels left

rFire    . . .     SeeInvis +   a - +0 hand axe
rCold    . . .     Gourm    .   d - +0 buckler
rNeg     . . .     Faith    .   b - +0 animal skin
rPois    .         Spirit   .   (helmet unavailable)
rElec    .         Reflect  .   (no cloak)
rCorr    .         Harm     .   (no gloves)
MR       .....                  (no boots)
Stlth    +.........             (no amulet)
HPRegen  0.06/turn              (no ring)
MPRegen  0.07/turn              (no ring)

@: no status effects
A: permanent stasis, dig shafts and tunnels, four strong arms, antennae 3
a: Dig, Shaft Self, Renounce Religion


You were on level 1 of the Dungeon.
You worshipped Trog.
Trog was aware of your devotion.
You were not hungry.

You visited 1 branch of the dungeon, and saw 1 of its levels.

You collected 22 gold pieces.


Innate Abilities, Weirdness & Mutations

You cannot be hasted, slowed, berserked, paralysed or teleported.
You can dig through walls and to a lower floor.
Your four strong arms can wield two-handed weapons with a shield.
You have a pair of large antennae on your head. (SInv)


   Skills:
 - Level 3.2 Fighting
 - Level 3.1 Axes
 - Level 2.1 Armour
 - Level 1.7 Dodging
 + Level 0.5 Shields


You couldn't memorise any spells.
You didn't know any spells.
Your spell library was empty.

Inventory:

Hand Weapons
 a - a +0 hand axe (weapon)
 j - a +0 mace
Armour
 b - a +0 animal skin (worn)
 d - a +0 buckler (worn)
Scrolls
 e - 2 scrolls of identify {unknown}
 g - a scroll of enchant weapon {unknown}
 i - a scroll of magic mapping {unknown}
Potions
 f - a potion of agility {unknown}
Comestibles
 c - 2 rations
 h - 2 chunks of flesh

Dungeon Overview and Level Annotations

Branches:
Dungeon (1/15)

Altars:


Message History

You kill the goblin!
Trog accepts your kill.
You see here a goblin corpse.
Butcher a goblin corpse? [(y)es/(n)o/(a)ll/(q)uit/?]
You butcher the goblin corpse.
h - 2 chunks of flesh You see here a goblin skeleton {noeat}.
You open the door.
c - 2 rations (gained 1)
e - 2 scrolls labeled VADOSCH EDGHINA (gained 1)
Found 18 arrows.
Enter note: You see here 18 arrows.
i - a scroll labeled NAOVU KYR JOLY You see here a hand axe.
You now have 22 gold pieces (gained 17).
You see here a goblin skeleton {noeat}.
j - a mace You sense a monster nearby.
Are you sure you want to abandon this character and quit the game? (Confirm with "yes".)

# #....#.########
# #..............
#####...#.########
#..###....# #....#
....###.#####.##.#
.....##.....#.##.#
..........###.##.#
..#.#.#.#####.##.#
.##.#.#.......##@#
......##########.#
...............#.#
.....#########.#.#
%##'## #..
.##.######## ...
.##......... ...{
.########### ##.#
........#


There were no monsters in sight!

Vanquished Creatures
  A bat (D:1)
  A goblin (D:1)
2 creatures vanquished.

Notes
Turn   | Place    | Note
-------+----------+-------------------------------------------
     0 | D:1      | Caramio the Formicid Berserker began the quest for the Orb.
     0 | D:1      | Reached XP level 1. HP: 18/18 MP: 1/1
     0 | D:1      | 0 ||| counter = 20
    15 | D:1      | 15 ||| Stepping ~*~*~tactically~*~*~ (stealth).
    38 | D:1      | 38 ||| UPGRADING to buckler.
   191 | D:1      | Quit the game

Levels and vault maps discovered:
D:1:      giann_bridges, layout_basic, minivault_19, serial_bayou_pond_e,
          minmay_tetromino_o2

Action                   || total
-------------------------++-------
Melee: Hand axe          ||     2

Table legend:
 A = Non-vault XP
 B = Vault XP
 C = Vault XP percentage of total XP
 D = Non-vault monster count
 E = Vault monster count
 F = Vault count percentage of total count
                 A         B        C        D         E       F
            +---------+---------+-------+---------+---------+-------
      Total |       4 |       0 |   0.0 |       2 |       0 |   0.0
            +---------+---------+-------+---------+---------+-------
        D:1 |       4 |       0 |   0.0 |       2 |       0 |   0.0
            +---------+---------+-------+---------+---------+-------
